 Dungeon Crawl Stone Soup version 0.17-a0-229-g5ae695d (webtiles) character file.

189 xeno23 the Conjurer (level 5, 0/38 HPs)
             Began as a Draconian Conjurer on Mar 29, 2015.
             Killed from afar by an orc wizard (10 damage)
             ... with a puff of frost
             ... on level 4 of the Dungeon.
             The game lasted 00:24:10 (3058 turns).

xeno23 the Conjurer (Draconian Conjurer)            Turns: 3058, Time: 00:24:10

Health: 0/38       AC:  7    Str: 10    XL:     5   Next: 40%
Magic:  1/9        EV: 12    Int: 16    God:
Gold:   130        SH:  0    Dex: 12    Spells: 2 memorised, 3 levels left

rFire  . . .     SeeInvis .     s - +0 mace (crush)
rCold  . . .     Clarity  .     (armour unavailable)
rNeg   . . .     SustAb   .     (no shield)
rPois  .         Gourm    .     (helmet restricted)
rElec  .         Spirit   .     (no cloak)
rCorr  .         Warding  .     (no gloves)
rMut   .         Stasis   .     g - +1 pair of boots
MR     .....                    (no amulet)
Stlth  ++........               (no ring)
                                (no ring)

@: very slightly contaminated, not resistant to hostile enchantments, unstealthy
A: unfitting armour, cold-blooded, AC +5
a: no special abilities


You were on level 4 of the Dungeon.
You were very hungry.

You visited 1 branch of the dungeon, and saw 4 of its levels.

You collected 130 gold pieces.

Inventory:

Hand weapons
 n - a +0 spear
 s - a +0 mace of crushing (weapon)
Missiles
 m - 13 poisoned needles
Armour
 g - a +1 pair of boots (worn)
Jewellery
 t - an uncursed ring of teleportation
Scrolls
 d - 3 scrolls of remove curse
 h - 3 scrolls of teleportation {unknown}
 i - a scroll of fear {unknown}
 j - a scroll of recharging {unknown}
 r - a scroll of enchant weapon {unknown}
 w - a scroll of random uselessness {unknown}
 y - a scroll of identify {unknown}
Potions
 e - a potion of poison {unknown}
 f - 3 potions of heal wounds {unknown}
 o - 2 potions of cure mutation {unknown}
 q - 4 potions of curing {unknown}
 u - a potion of mutation {unknown}
 v - 2 potions of restore abilities {unknown}
Books
 c - a book of Conjurations

   Spells                             Type                      Level
   a - Magic Dart                     Conjuration                  1
   b - Searing Ray                    Conjuration                  2
   c - Dazzling Spray                 Conjuration/Hexes            3
   d - Fulminant Prism                Conjuration/Hexes            4
   e - Iskenderun's Mystic Blast      Conjuration                  4
   f - Iskenderun's Battlesphere      Conjuration/Charms           5
Comestibles
 a - 3 meat rations
 b - a bread ration
 k - a royal jelly
 l - 3 fruits
 x - a beef jerky


   Skills:
 - Level 1.7 Dodging
 - Level 1.8 Stealth
 - Level 2.1 Spellcasting
 + Level 6.6 Conjurations


You had 3 spell levels left.
You knew the following spells:

 Your Spells              Type           Power        Failure   Level  Hunger
a - Magic Dart            Conj           ###.         1%          1    #......
q - Iskenderun's Mystic   Conj           ###.....     14%         4    #####..


Dungeon Overview and Level Annotations

Branches:
Dungeon (4/15)
 Temple: D:4-7

Altars:
Okawaru

Annotations:
D:2 Terence
D:3 Boldrick's ghost, average GrBe


Innate Abilities, Weirdness & Mutations

Your plain brown scales are hard (AC +5).
Your body does not fit into most forms of armour.
You are cold-blooded and may be slowed by cold attacks.


Message History

Nothing appears to happen.
The orc misses you. The orc hits you but does no damage. The ogre misses you.
Casting: Magic Dart
Confirm with . or Enter, or press ? or * to list all spells.
Aiming: Magic Dart
Press: ? - help, Shift-Dir - straight line, f/p - ogre
Aim: an ogre, wielding a giant spiked club (almost dead)
The magic dart hits the ogre.
You kill the ogre!
You have reached level 5!
You are feeling very hungry.
The orc barely misses you. The orc hits you but does no damage.
The orc wizard completely misses you.
The orc wizard gestures at you while chanting.
The puff of flame hits you!
* * * LOW HITPOINT WARNING * * *
You take 10 damage.
The orc wizard points at you and mumbles some strange words.
The puff of frost hits you!
You die...

# .####
#######.......
#.@o.o..#
#.<.###o{.......
#.## #.o.♣.♣.♣ #
#......_ #†..♣.♣
♣ #.......
....#.♣ #.....
...


You could see an orc wizard and 2 orcs.

Vanquished Creatures
  An ogre (D:4)
  A worker ant (D:4)
  Ijyb (D:2)
  2 worms
  A giant gecko (D:1)
  An ooze (D:2)
  3 orcs (D:3)
  A bat skeleton (D:4)
  2 bat zombies (D:2)
  A giant cockroach (D:1)
  5 goblins
  7 hobgoblins
  7 kobolds
  2 ball python skeletons (D:2)
  A ball python zombie (D:2)
  6 bats
  A giant cockroach zombie (D:2)
  A giant gecko zombie (D:2)
  4 giant newts
  3 jackals (D:1)
  A quokka skeleton (D:2)
  7 rats
59 creatures vanquished.

Notes
Turn   | Place    | Note
--------------------------------------------------------------
     0 | D:1      | xeno23, the Draconian Conjurer, began the quest for the Orb.
     0 | D:1      | Reached XP level 1. HP: 14/14 MP: 3/3
   285 | D:1      | Reached XP level 2. HP: 11/20 MP: 0/4
  1096 | D:2      | Reached XP level 3. HP: 26/26 MP: 6/6
  1270 | D:2      | Reached skill level 5 in Conjurations
  1293 | D:2      | Noticed Terence
  1731 | D:2      | Noticed Ijyb
  1768 | D:2      | Killed Ijyb
  1965 | D:2      | Reached XP level 4. HP: 33/33 MP: 7/7
  2000 | D:2      | Learned a level 4 spell: Iskenderun's Mystic Blast
  2028 | D:3      | Noticed Boldrick's ghost (average GrBe)
  2886 | D:4      | Reached skill level 6 in Conjurations
  2920 | D:4      | Found an iron altar of Okawaru.
  2920 | D:4      | Noticed an ogre
  3055 | D:4      | Killed an ogre
  3055 | D:4      | Reached XP level 5. HP: 20/38 MP: 1/9
  3058 | D:4      | Killed from afar by an orc wizard

Action                   |  1- 3 |  4- 6 || total
-------------------------+-------+-------++-------
Melee: Mace              |   134 |    51 ||   185
       Unarmed           |    10 |       ||    10
 Cast: Magic Dart        |    45 |    33 ||    78
  Use: Scroll            |       |     1 ||     1
 Stab: Sleeping          |     2 |       ||     2
  Eat: Chunk             |     3 |     3 ||     6
       Pizza             |       |     1 ||     1
